 Dungeon Crawl Stone Soup version 0.31.0-9-g3a7656b989 (webtiles) character file.

Game seed: 3060222195822459538

126 sarangor the Chopper (level 4, -2/61 HPs)
             Began as a Minotaur Berserker on Feb 1, 2024.
             Was a Believer of Trog.
             Incinerated by a bombardier beetle (3 damage)
             ... with a burning spray
             ... on level 3 of the Dungeon.
             The game lasted 00:24:43 (2235 turns).

sarangor the Chopper (Minotaur Berserker)           Turns: 2235, Time: 00:24:44

Health: -2/61      AC: 11    Str: 24    XL:     4   Next: 84%
Magic:  3/3        EV:  7    Int:  4    God:    Trog [**....]
Gold:   99         SH:  0    Dex:  9    Spells: 3/3 levels left

rFire   . . .        g - +2 dagger (vamp)
rCold   . . .        (no shield)
rNeg    . . .        t - +0 plate armour
rPois   .            (helmet restricted)
rElec   .            (no cloak)
rCorr   .            (no gloves)
SInv    +            (no boots)
Will    .....        (no amulet) Stlth
                     U - ring of see invisible
HPRegen 0.30/turn    (no ring)
MPRegen 0.08/turn

%: no passive effects
@: berserking, on fire, glowing, very quick
A: horns 2, retaliatory headbutt
a: Renounce Religion, Berserk, Trog's Hand


You were on level 3 of the Dungeon.
You worshipped Trog.
Trog was pleased with you.
You visited 1 branch of the dungeon, and saw 3 of its levels.

You collected 99 gold pieces.

Inventory:

Hand Weapons
 a - a +0 hand axe
 e - a +0 trident
 g - a +2 vampiric dagger (weapon)
 h - a +0 club
 j - a +0 hand axe
 k - a +0 club
 p - a +0 dagger
 r - a +0 dagger
 v - a +0 dagger
 y - a +0 dagger
 z - a +0 spear
 H - a +0 trident
 J - a +0 dagger
 L - a +0 short sword
 M - a +0 sling
 N - a +0 club
 P - a +0 whip
 Q - a +0 dagger
 R - a +0 dagger
 S - a +0 dagger
 T - a +0 dagger
Missiles
 l - 6 boomerangs
 q - 12 stones
Armour
 b - a +0 animal skin
 c - a +0 robe
 d - a +0 helmet
 n - a +0 leather armour
 o - a +0 leather armour
 t - a +0 plate armour (worn)
 B - a +0 chain mail
 D - a +0 leather armour
Jewellery
 U - a ring of see invisible (left hand)
Talismans
 u - a blade talisman
Scrolls
 f - 5 scrolls of teleportation {unknown}
 m - a scroll of poison {unknown}
 s - a scroll of blinking {unknown}
 x - 2 scrolls of identify {unknown}
 C - a scroll of revelation {unknown}
 F - a scroll of noise {unknown}
 K - a scroll of fog {unknown}
Potions
 w - 2 potions of brilliance {unknown}
 A - 2 potions of might {unknown}
 E - a potion of mutation {unknown}
 G - a potion of heal wounds {unknown}
 I - a potion of enlightenment {unknown}
 O - a potion of ambrosia (quivered) {unknown}


   Skills:
 + Level 4.8 Fighting
 + Level 5.3 Axes
 + Level 2.5 Armour
 + Level 2.9 Dodging
 + Level 0.6 Stealth


You had 3 spell levels left.
You didn't know any spells.
Your spell library was empty.

Dungeon Overview and Level Annotations

Branches:
Dungeon (3/15)

Altars:


Innate Abilities, Weirdness & Mutations

You have a pair of horns on your head.
You reflexively headbutt those who attack you in melee.


Message History

The liquid fire burns you!
The bombardier beetle barely misses you.
You hit the bombardier beetle but do no damage.
You headbutt the bombardier beetle, but do no damage.
The bombardier beetle is severely wounded.
The liquid fire burns you!
The bombardier beetle bites you but does no damage.
You hit the bombardier beetle.
You feel better.
The bombardier beetle is severely wounded.
The liquid fire burns you!
You closely miss the bombardier beetle. You headbutt the bombardier beetle.
You kill the bombardier beetle!
Trog accepts your kill. The liquid fire burns you!
* * * LOW HITPOINT WARNING * * *
You shake off some of the fire as you move.
The liquid fire burns you!
* * * LOW HITPOINT WARNING * * *
Unknown command.
You shake off some of the fire as you move.
The liquid fire burns you!
* * * LOW HITPOINT WARNING * * *
It was a potion of berserk rage.
A red film seems to cover your vision as you go berserk!
You feel yourself moving faster!
You feel mighty! The liquid fire burns you!
* * * LOW HITPOINT WARNING * * *
You don't know any spells.
Unknown command.
You don't know any spells.
You shake off some of the fire as you move.
You feel a strong urge to attack something.
The liquid fire burns you!
* * * LOW HITPOINT WARNING * * *
You are too berserk!
You don't know any spells.
Unknown command.
You shake off some of the fire as you move.
The liquid fire burns you!
You die...

#.......##......##.# #.#
#######.######...........#
#.#
#.††...........#...#.#####
#.. #.#####.####...#.#.#.#
### ##.# #.# #.#.#...#..
...# #.# #.#.#####.## ####
#.# # #.#####.# #.#
#.......# #.. ##@######
### #.### #...# ###.# .# #


There were no monsters in sight!

Vanquished Creatures
  A bombardier beetle (D:3)
  4 adders
  A ribbon worm (D:3)
  3 endoplasms
  2 giant cockroaches (D:1)
  7 goblins
  9 hobgoblins
  3 jackals (D:2)
  2 quokkas (D:3)
  5 ball pythons
  A bat (D:1)
  4 frilled lizards
  4 kobolds
  9 rats
55 creatures vanquished.

Notes
Turn   | Place    | Note
-------+----------+-------------------------------------------
     0 | D:1      | sarangor the Minotaur Berserker began the quest for the
                  | Orb.
     0 | D:1      | Reached XP level 1. HP: 19/19 MP: 0/0
   338 | D:1      | Reached XP level 2. HP: 27/27 MP: 1/1
   358 | D:1      | Reached skill level 4 in Axes
   670 | D:2      | Reached ** piety under Trog
   694 | D:2      | Reached XP level 3. HP: 13/34 MP: 2/2
   694 | D:2      | rest
  1657 | D:3      | Reached XP level 4. HP: 36/41 MP: 3/3
  2000 | D:3      | Reached skill level 5 in Axes
  2233 | D:3      | HP: 3/61 [burnt (3)]
  2234 | D:3      | HP: 1/61 [burnt (2)]
  2235 | D:3      | Incinerated by a bombardier beetle

Illustrated notes

.. . .### ## .. ....
..#.. ###..# ... #...
# ##.##(##.##.#
.......@....#
###+#####.##.#..####
#.........##........
#...................
#.......<...........
#..........#........
##.....##.#..........
#......#.##...#......
#......##.#....<....#


Turn 694 on D:2: rest

Levels and vault maps discovered:
D:1:      dpeg_arrival_radiant, layout_basic
D:2:      layout_basic, minmay_misc_feat_tiny
D:3:      layout_loops_ring, kennysheep_cross_room

Skill      XL: |  1  2  3  4 |
---------------+-------------+-----
Axes           | 4 5 |  5.3
Fighting       | 4 |  4.8
Armour         | |  2.5
Dodging        | |  2.9
Stealth        | |  0.6

Action                     |  1- 3 |  4- 6 || total
---------------------------+-------+-------++-------
  Melee: Hand axe          |    90 |    34 ||   124
         Headbutt          |     7 |     8 ||    15
         Dagger            |       |    10 ||    10
    Use: Potion            |       |     1 ||     1
 Armour: Animal skin       |    54 |    19 ||    73
         Plate armour      |       |     3 ||     3
  Dodge: Dodged            |    54 |    13 ||    67
